 Dungeon Crawl Stone Soup version 0.29-a0-284-gf9362112df (webtiles) character file.

Game seed: 15683903800102619781

14228 Rohain the Thaumaturge (level 12, -3/94 HPs)
             Began as a Gnoll Warper on Apr 1, 2022.
             Was an Elder of Okawaru.
             Slain by a freezing wraith (12 damage)
             ... on level 9 of the Dungeon.
             The game lasted 00:22:12 (12891 turns).

Rohain the Thaumaturge (Gnoll Warper)              Turns: 12891, Time: 00:22:12

Health: -3/94      AC: 18    Str: 12    XL:     12   Next: 14%
Magic:  24/27      EV: 15    Int: 16    God:    Okawaru [****..]
Gold:   481        SH:  0    Dex: 12    Spells: 22/33 levels left

rFire   . . .      SeeInvis .   o - +6 halberd
rCold   . . .      Faith    .   (shield currently unavailable)
rNeg    . . .      Spirit   .   y - +4 steam dragon scales
rPois   .          Reflect  .   (no helmet)
rElec   .          Harm     .   B - +2 cloak
rCorr   .          Rampage  .   (no gloves)
Will    .....                   (no boots)
Stlth   +++.......              E - amulet of the acrobat
HPRegen 0.25/turn               e - +4 ring of protection
MPRegen 0.20/turn               (no ring)

@: finesse-ful, slowed, studying Spellcasting, very slow
A: fangs 1, strong nose, distributed training
a: Renounce Religion, Heroism, Finesse


You were on level 9 of the Dungeon.
You worshipped Okawaru.
Okawaru was greatly pleased with you.
You visited 2 branches of the dungeon, and saw 10 of its levels.
You also visited: Ossuary and Bailey.

You collected 695 gold pieces.
You spent 214 gold pieces at shops.

Inventory:

Hand Weapons
 a - a +0 spear
 o - a +6 halberd (weapon)
 C - a +0 hand crossbow
Missiles
 d - 2 boomerangs of dispersal
 q - 2 poisoned darts (quivered)
 w - 2 javelins
 I - a curare-tipped dart
Armour
 b - a +1 leather armour
 c - a +3 leather armour of cold resistance
 y - +4 steam dragon scales (worn)
 B - a +2 cloak (worn)
 F - an orb of mayhem
Jewellery
 e - a +4 ring of protection (left hand)
 E - an amulet of the acrobat (around neck)
 G - a ring of protection from fire
Wands
 p - a wand of polymorph (13)
 r - a wand of digging (6)
 t - a wand of mindburst (7)
 D - a wand of paralysis (5)
Scrolls
 f - 2 scrolls of amnesia
 j - 10 scrolls of enchant weapon
 k - 3 scrolls of vulnerability
 A - 3 scrolls of enchant armour
 L - 2 scrolls of identify
 M - a scroll of acquirement {unknown}
Potions
 g - 5 potions of flight
 h - a potion of curing
 i - a potion of might
 l - 2 potions of attraction
 m - a potion of cancellation
 n - a potion of magic {unknown}
 s - a potion of degeneration {unknown}
 u - a potion of ambrosia {unknown}
 v - 2 potions of resistance
 x - 2 potions of brilliance {unknown}
 z - 4 potions of lignification
 J - 3 potions of invisibility {unknown}
 K - 2 potions of haste


   Skills:
 + Level 8.5 Fighting
 + Level 7.0 Short Blades
 + Level 7.0 Long Blades
 + Level 7.0 Axes
 + Level 7.0 Maces & Flails
 + Level 8.5 Polearms
 + Level 7.0 Staves
 + Level 7.0 Slings
 + Level 7.0 Bows
 + Level 7.0 Crossbows
 + Level 7.5 Throwing
 + Level 7.5 Armour
 + Level 8.5 Dodging
 + Level 7.0 Stealth
 + Level 7.0 Shields
 + Level 7.0 Unarmed Combat
 + Level 11.0 Spellcasting
 + Level 5.8 Conjurations
 + Level 5.8 Hexes
 + Level 5.8 Summonings
 + Level 5.8 Necromancy
 + Level 8.1 Translocations
 + Level 5.8 Transmutations
 + Level 5.8 Fire Magic
 + Level 5.8 Ice Magic
 + Level 5.8 Air Magic
 + Level 5.8 Earth Magic
 + Level 5.8 Poison Magic
 + Level 7.7 Invocations
 + Level 7.0 Evocations


You had 22 spell levels left.
You knew the following spells:

 Your Spells              Type           Power      Damage    Failure   Level
a - Pain                  Necr           100%       1d9       1%          1
b - Blink                 Tloc           68%        N/A       1%          2
c - Gell's Gravitas       Tloc           34%        N/A       1%          3
d - Manifold Assault      Tloc           34%        N/A       9%          5

Your spell library contained the following spells:

 Spells                   Type           Power      Damage    Failure   Level
 Lesser Beckoning         Tloc           34%        N/A       1%          3
 Portal Projectile        Hex/Tloc       62%        N/A       1%          3
 Teleport Other           Tloc           34%        N/A       1%          3
 Leda's Liquefaction      Hex/Erth       13%        N/A       8%          4
 Agony                    Necr           27%        N/A       21%         5
 Excruciating Wounds      Necr           13%        N/A       21%         5
 Call Canine Familiar     Summ           Unusable   N/A       N/A         3

Dungeon Overview and Level Annotations

Branches:
Dungeon (9/15)             Temple (1/1) D:7            Lair (0/6) D:9
Ossuary (visited)          Bailey (visited)
    Orc: D:9-12

Altars:
Ashenzari
Cheibriados
Dithmenos
Elyvilon
Fedhas
Gozag
Kikubaaqudgha
Nemelex Xobeh
Okawaru
Qazlal
Sif Muna
Trog
Uskayaw
Vehumet
Wu Jian
Xom
Yredelemnul
The Shining One

Shops:
D:9 *

Annotations:
D:7 2 runed translucent doors


Innate Abilities, Weirdness & Mutations

You have very sharp teeth.
Your uncanny sense of smell can sniff out nearby items.
Your experience applies equally to all skills.


Message History

The freezing wraith barely misses you.
The freezing wraith hits you but does no damage.
You closely miss the freezing wraith. Your bite misses the freezing wraith.
The freezing wraith is moderately damaged.
The freezing wraith hits you but does no damage.
The freezing wraith barely misses you.
You closely miss the freezing wraith.
You bite the freezing wraith, but do no damage.
The freezing wraith is moderately damaged.
The freezing wraith barely misses you. x2
You closely miss the freezing wraith.
The freezing wraith is moderately damaged.
You puncture the freezing wraith!
The freezing wraith is heavily damaged.
The freezing wraith barely misses you.
The freezing wraith hits you but does no damage.
You hit the freezing wraith.
The freezing wraith is severely damaged.
The freezing wraith hits you but does no damage.
The freezing wraith closely misses you.
You slash the freezing wraith!
The freezing wraith is almost destroyed.
The freezing wraith barely misses you.
The freezing wraith hits you but does no damage.
You hit the freezing wraith.
The freezing wraith is almost destroyed.
You hit the freezing wraith but do no damage.
The freezing wraith is almost destroyed.
The freezing wraith hits you!
* * * LOW HITPOINT WARNING * * *
The freezing wraith freezes you!
* * * LOW HITPOINT WARNING * * *
The freezing wraith hits you.
* * * LOW HITPOINT WARNING * * *
You hit the freezing wraith.
The freezing wraith is almost destroyed.
The freezing wraith hits you.
* * * LOW HITPOINT WARNING * * *
The freezing wraith freezes you!
You die...

#####################.##. ♣♣
♣♣...♣...♣...♣♣#.....#..+.
#♣...♣♣♣..♣...#...♣..♣♣♣...♣#..#.
........♣♣♣♣♣#.#♣♣♣♣♣...♣.♣....##
#♣...♣♣♣..♣)..#..)♣.)♣♣♣...♣#.###
♣♣ ♣♣...♣...♣...♣♣#.....#.###
#####♣.♣##### #######.##.
♣♣♣♣♣♣♣.♣♣♣♣♣♣♣ ♣.♣ ####.
♣.....†.W@....♣ ♣.♣ #
♣.♣♣♣♣♣♣♣♣♣♣♣.♣ ##.## # ♣.♣ ♣)♣
#...# #. ♣W♣ ♣.♣##...## #. ♣.♣
♣.♣#.....# ## ∆ ∆ ♣B♣ ∆
♣.♣#.....# .≈≈≈....♣ ∆
♣)....≈..##### ?≈B≈W#♣.♣
♣.♣#.....#.... ♣.#. ♣.♣
♣.♣#.....#####


You could see a freezing wraith.

Vanquished Creatures
  A boulder beetle (D:9)
  2 two-headed ogres (D:9)
  Pikel (D:6)
  An orc knight (Bailey)
  A cyclops (D:9)
  Maggie (D:7)
  A komodo dragon (D:8)
  An efreet (D:9)
  A troll (D:7)
  A meliai (shapeshifter) (D:9)
  A slime creature (D:9)
  2 wyverns
  8 yaks (D:9)
  A steam dragon (D:8)
  Menkaure (Ossuary)
  An acid dragon (D:9)
  A water moccasin (D:7)
  Duvessa (D:7)
  A black bear (D:6)
  9 orc warriors
  3 centaurs
  A phantom (D:5)
  A lemure (D:6)
  A kobold brigand (D:7)
  5 bullfrogs
  3 necrophages
  2 scorpions
  A wight (D:9)
  Dowan (D:7)
  4 killer bees (D:9)
  4 howler monkeys (D:7)
  2 hounds
  A jelly (D:8)
  2 gnoll shamans
  4 orc priests
  An iguana (D:5)
  2 orc wizards
  3 mummies (Ossuary)
  11 gnolls
  5 adders
  2 shadow imps
  3 white imps
  A worm (D:4)
  3 dart slugs
  48 orcs
  7 endoplasms
  2 giant cockroaches
  5 gnoll zombies (Ossuary)
  4 goblins
  4 hobgoblins
  5 jackals
  5 quokkas
  A ball python (D:2)
  6 bats
  A frilled lizard (D:1)
  8 gnoll skeletons (Ossuary)
  3 goblin skeletons (Ossuary)
  2 goblin zombies (Ossuary)
  2 hobgoblin skeletons (Ossuary)
  4 hobgoblin zombies (Ossuary)
  15 kobolds
  3 kobold skeletons (Ossuary)
  2 kobold zombies (Ossuary)
  5 orc skeletons (Ossuary)
  5 orc zombies (Ossuary)
  4 rats
  4 rat skeletons (Ossuary)
  7 rat zombies (Ossuary)
255 creatures vanquished.

Vanquished Creatures (others)
  An orc (D:8)
  10 plants (D:9)
  2 withered plants (D:4)
13 creatures vanquished.

Grand Total: 268 creatures vanquished

Notes
Turn   | Place    | Note
-------+----------+-------------------------------------------
     0 | D:1      | Rohain the Gnoll Warper began the quest for the Orb.
     0 | D:1      | Reached XP level 1. HP: 20/20 MP: 6/6
   144 | D:1      | Reached XP level 2. HP: 26/26 MP: 7/7
   585 | D:1      | Found a faded altar of an unknown god.
   654 | D:2      | Reached skill level 5 in Spellcasting
   654 | D:2      | Reached XP level 3. HP: 20/31 MP: 7/9
   773 | D:1      | Reached skill level 1 in Invocations
  1309 | D:1      | Learned a level 1 spell: Pain
  1352 | D:2      | Reached skill level 1 in Short Blades
  1352 | D:2      | Reached skill level 1 in Long Blades
  1352 | D:2      | Reached skill level 1 in Axes
  1352 | D:2      | Reached skill level 1 in Maces & Flails
  1352 | D:2      | Reached skill level 1 in Staves
  1352 | D:2      | Reached skill level 1 in Slings
  1352 | D:2      | Reached skill level 1 in Bows
  1352 | D:2      | Reached skill level 1 in Crossbows
  1352 | D:2      | Reached skill level 1 in Stealth
  1352 | D:2      | Reached skill level 1 in Shields
  1352 | D:2      | Reached skill level 1 in Unarmed Combat
  1352 | D:2      | Reached skill level 1 in Evocations
  1686 | D:2      | Reached XP level 4. HP: 38/38 MP: 11/11
  2347 | D:3      | Reached skill level 1 in Conjurations
  2347 | D:3      | Reached skill level 1 in Hexes
  2347 | D:3      | Reached skill level 1 in Summonings
  2347 | D:3      | Reached skill level 1 in Necromancy
  2347 | D:3      | Reached skill level 1 in Transmutations
  2347 | D:3      | Reached skill level 1 in Fire Magic
  2347 | D:3      | Reached skill level 1 in Ice Magic
  2347 | D:3      | Reached skill level 1 in Air Magic
  2347 | D:3      | Reached skill level 1 in Earth Magic
  2347 | D:3      | Reached skill level 1 in Poison Magic
  2472 | D:3      | Learned a level 2 spell: Blink
  2583 | D:3      | Reached XP level 5. HP: 43/43 MP: 12/12
  2892 | D:4      | Found a sand-covered staircase.
  2897 | Ossuary  | Entered an ossuary
  3391 | Ossuary  | Noticed Menkaure
  3415 | Ossuary  | Killed Menkaure
  3416 | Ossuary  | Reached skill level 5 in Fighting
  3416 | Ossuary  | Reached skill level 5 in Polearms
  3416 | Ossuary  | Reached skill level 5 in Dodging
  3416 | Ossuary  | Reached XP level 6. HP: 16/51 MP: 14/14
  4166 | D:4      | Found an ancient bone altar of Kikubaaqudgha.
  4672 | D:5      | Entered Level 5 of the Dungeon
  4701 | D:5      | Reached XP level 7. HP: 56/56 MP: 15/15
  5832 | D:5      | Reached skill level 6 in Spellcasting
  6177 | D:5      | Reached XP level 8. HP: 60/63 MP: 17/17
  6345 | D:6      | Noticed a wyvern
  6350 | D:6      | Killed a wyvern
  6362 | D:6      | Learned a level 3 spell: Gell's Gravitas
  6598 | D:6      | Noticed Pikel
  6628 | D:6      | Killed Pikel
  6629 | D:6      | Reached skill level 7 in Spellcasting
  6629 | D:6      | Reached XP level 9. HP: 34/69 MP: 17/19
  7096 | D:6      | Found a glowing golden altar of the Shining One.
  7503 | D:7      | Found a staircase to the Ecumenical Temple.
  7518 | D:7      | Noticed Duvessa
  7523 | D:7      | Noticed Dowan
  7530 | Temple   | Entered the Ecumenical Temple
  7600 | Temple   | Became a worshipper of Warmaster Okawaru
  7627 | D:7      | Noticed a troll
  7632 | D:7      | Found a large runed translucent door.
  7632 | D:7      | Found a large runed translucent door.
  7666 | D:7      | Killed Duvessa
  7667 | D:7      | Reached skill level 5 in Throwing
  7667 | D:7      | Reached skill level 5 in Armour
  7683 | D:7      | Killed Dowan
  7915 | D:7      | Noticed Maggie
  7930 | D:7      | Killed Maggie
  8277 | D:7      | Reached skill level 8 in Spellcasting
  8277 | D:7      | Reached skill level 5 in Invocations
  8404 | D:7      | Killed a troll
  8404 | D:7      | Reached * piety under Okawaru
  8968 | D:8      | Noticed a komodo dragon
  8978 | D:8      | Killed a komodo dragon
  8979 | D:8      | Reached XP level 10. HP: 50/77 MP: 22/22
  9344 | D:8      | Reached skill level 5 in Short Blades
  9344 | D:8      | Reached skill level 5 in Long Blades
  9344 | D:8      | Reached skill level 5 in Axes
  9344 | D:8      | Reached skill level 5 in Maces & Flails
  9344 | D:8      | Reached skill level 5 in Staves
  9344 | D:8      | Reached skill level 5 in Slings
  9344 | D:8      | Reached skill level 5 in Bows
  9344 | D:8      | Reached skill level 5 in Crossbows
  9344 | D:8      | Reached skill level 5 in Stealth
  9344 | D:8      | Reached skill level 5 in Shields
  9344 | D:8      | Reached skill level 5 in Unarmed Combat
  9344 | D:8      | Reached skill level 5 in Evocations
  9368 | D:8      | Learned a level 5 spell: Manifold Assault
  9404 | D:8      | HP: 3/77 [orc warrior/+0 dire flail (12)]
 10560 | D:9      | Reached ** piety under Okawaru
 10606 | D:9      | Found Ydapusae's General Store.
 10609 | D:9      | Bought a +2 cloak for 214 gold pieces
 10685 | D:9      | Found a staircase to the Lair.
 10718 | D:9      | Found a flagged portal.
 10718 | D:9      | Noticed a two-headed ogre
 10733 | Bailey   | Entered a bailey
 10997 | Bailey   | Reached skill level 9 in Spellcasting
 11026 | Bailey   | Reached skill level 10 in Spellcasting
 11026 | Bailey   | Reached skill level 5 in Conjurations
 11026 | Bailey   | Reached skill level 5 in Hexes
 11026 | Bailey   | Reached skill level 5 in Summonings
 11026 | Bailey   | Reached skill level 5 in Necromancy
 11026 | Bailey   | Reached skill level 5 in Transmutations
 11026 | Bailey   | Reached skill level 5 in Fire Magic
 11026 | Bailey   | Reached skill level 5 in Ice Magic
 11026 | Bailey   | Reached skill level 5 in Air Magic
 11026 | Bailey   | Reached skill level 5 in Earth Magic
 11026 | Bailey   | Reached skill level 5 in Poison Magic
 11026 | Bailey   | Reached XP level 11. HP: 86/86 MP: 23/25
 11174 | Bailey   | Noticed an orc knight
 11217 | Bailey   | Killed an orc knight
 11761 | D:9      | Killed a two-headed ogre
 11761 | D:9      | Reached *** piety under Okawaru
 12051 | D:9      | Noticed a cyclops
 12059 | D:9      | Killed a cyclops
 12666 | D:9      | Reached XP level 12. HP: 79/94 MP: 26/26
 12734 | D:9      | Noticed a two-headed ogre
 12739 | D:9      | Killed a two-headed ogre
 12739 | D:9      | Reached **** piety under Okawaru
 12852 | D:9      | Noticed a boulder beetle
 12872 | D:9      | Killed a boulder beetle
 12872 | D:9      | Received a gift from Okawaru
 12873 | D:9      | Reached skill level 11 in Spellcasting
 12891 | D:9      | Slain by a freezing wraith

Illustrated notes

Levels and vault maps discovered:
D:1:      wander_arrival_abandoned_jail, layout_rooms,
          shapermc_ecumenical_altar_mp_vishouse, serial_bayou_pond_c
D:2:      layout_loops_cross
D:3:      layout_basic
D:4:      layout_loops_corners, kiku_gazebo_garden_becter, enter_ossuary_5,
          amcnicky_mini_corridor_feature, minmay_manual_monstrance
D:5:      layout_gridville, minmay_misc_feat_iff
D:6:      nicolae_cairo_tiling, layout_loops_ring, tso_altar,
          kennysheep_generic_room_4, uniq_pikel
D:7:      layout_rooms, jmf_multi_god_temple2, temple_statues, uniq_maggie,
          uniq_duvessa
D:8:      layout_gridville
D:9:      nzn_winding_woodlands_large [nzn_winding_woodlands_hourglass,
          nzn_winding_woodlands_5x15_twine, nzn_winding_woodlands_5x5_default,
          nzn_winding_woodlands_center_garden,
          nzn_winding_woodlands_15x15_boxy_spiral,
          nzn_winding_woodlands_center_triple_pond,
          nzn_winding_woodlands_5x5_open_star,
          nzn_winding_woodlands_5x15_pathside_ponds,
          nzn_winding_woodlands_5x5_cross], layout_loops_corners, serial_shops,
          kennysheep_mini, enter_bailey_2
Temple:   mainiacjoe_temple_coin_purse

Skill      XL: |  1  2  3  4  5  6  7  8  9 10 11 12 |
---------------+-------------------------------------+-----
Spellcasting   | 5 6 7 8 10 11 | 11.0
Invocations    | 1 2 3 4 5 7 |  7.7
Short Blades   | 1 2 3 4 6 7 |  7.0
Long Blades    | 1 2 3 4 6 7 |  7.0
Axes           | 1 2 3 4 6 7 |  7.0
Maces & Flails | 1 2 3 4 6 7 |  7.0
Staves         | 1 2 3 4 6 7 |  7.0
Slings         | 1 2 3 4 6 7 |  7.0
Bows           | 1 2 3 4 6 7 |  7.0
Crossbows      | 1 2 3 4 6 7 |  7.0
Stealth        | 1 2 3 4 6 7 |  7.0
Shields        | 1 2 3 4 6 7 |  7.0
Unarmed Combat | 1 2 3 4 6 7 |  7.0
Evocations     | 1 2 3 4 6 7 |  7.0
Conjurations   | 1 2 3 4 5 |  5.8
Hexes          | 1 2 3 4 5 |  5.8
Summonings     | 1 2 3 4 5 |  5.8
Necromancy     | 1 2 3 4 5 |  5.8
Transmutations | 1 2 3 4 5 |  5.8
Fire Magic     | 1 2 3 4 5 |  5.8
Ice Magic      | 1 2 3 4 5 |  5.8
Air Magic      | 1 2 3 4 5 |  5.8
Earth Magic    | 1 2 3 4 5 |  5.8
Poison Magic   | 1 2 3 4 5 |  5.8
Throwing       | 3 4 5 7 |  7.5
Armour         | 3 4 5 7 |  7.5
Fighting       | 5 6 8 |  8.5
Polearms       | 5 6 8 |  8.5
Dodging        | 5 6 8 |  8.5
Translocations | 6 7 8 |  8.1

Action                   |  1- 3 |  4- 6 |  7- 9 | 10-12 || total
-------------------------+-------+-------+-------+-------++-------
Melee: Spear             |   100 |       |       |       ||   100
       Bite              |     7 |    17 |    23 |    18 ||    65
       Halberd           |     4 |   195 |   288 |   281 ||   768
Throw: Boomerang         |     2 |       |       |     3 ||     5
       Dart              |       |       |     3 |     8 ||    11
 Cast: Pain              |     4 |     6 |    15 |       ||    25
       Manifold Assault  |       |       |       |     3 ||     3
       Blink             |       |       |       |     2 ||     2
Invok: Finesse           |       |       |       |     1 ||     1
Evoke: Wand              |       |       |     1 |     6 ||     7
  Use: Scroll            |     4 |     9 |     8 |     2 ||    23
       Potion            |       |     1 |     8 |    10 ||    19
 Stab: Sleeping          |     4 |     2 |     5 |     8 ||    19
       Distracted        |       |     2 |     2 |     2 ||     6
       Paralysed         |       |       |       |     1 ||     1
Armor: Leather armour    |    21 |    25 |    92 |       ||   138
       Steam dragon scal |       |       |    29 |    96 ||   125
       Skin              |       |       |    23 |    13 ||    36
Dodge: Dodged            |    36 |    93 |   274 |   230 ||   633

Table legend: (Time is in decaauts)
 A = Elapsed time spent in this place.
 B = Non-inter-level travel time spent in this place.
 C = Inter-level travel time spent in this place.
 D = Time resting spent in this place.
 E = Time spent auto-exploring this place.
 F = Levels seen in this place.
 G = Mean time per level.
                   A        B        C        D        E       F      G
               +--------+--------+--------+--------+--------+-----+--------+
         Total |  12998 |  12771 |    227 |   3359 |   6952 |  12 | 1083.2 |
       Dungeon |  11150 |  10932 |    218 |   2597 |   6363 |   9 | 1238.9 |
        Temple |     79 |     70 |      9 |      0 |     51 |   1 |   79.0 |
       Ossuary |    785 |    785 |      0 |    198 |    323 |   1 |  785.0 |
        Bailey |    983 |    983 |      0 |    564 |    215 |   1 |  983.0 |
               +--------+--------+--------+--------+--------+-----+--------+

Top non-repeatable levels by time:
     D:5: 1642 daAuts
     D:8: 1497 daAuts
     D:7: 1477 daAuts
     D:9: 1360 daAuts
     D:6: 1225 daAuts
     D:1: 1184 daAuts
     D:4: 1071 daAuts
     D:2: 1066 daAuts
  Bailey: 983 daAuts
 Ossuary: 785 daAuts
     D:3: 626 daAuts
  Temple: 79 daAuts
